 Dungeon Crawl Stone Soup version 0.30-a0-782-ge64f9170bb (webtiles) character file.

Game seed: 4125424262907986616

7986 Hadoje the Cruncher (level 11, -19/84 HPs)
             Began as a Demonspawn Berserker on Feb 24, 2023.
             Was an Elder of Trog.
             Demolished by a death yak (24 damage)
             ... on level 9 of the Dungeon.
             The game lasted 01:03:44 (10368 turns).

Hadoje the Cruncher (Demonspawn Berserker)         Turns: 10368, Time: 01:03:44

Health: -19/84     AC: 12    Str: 33    XL:     11   Next: 4%
Magic:  11/11      EV: 17    Int:  9    God:    Trog [****..]
Gold:   154        SH:  0    Dex: 12    Spells: 10/10 levels left

rFire   . . .      SeeInvis .    U - +4 halberd
rCold   . . .      Faith    +    (shield currently unavailable)
rNeg    + . .      Spirit   .    M - +1 ring mail of the Kangaroo {rN+ Str+7}
rPois   .          Reflect  .    E - +2 helmet
rElec   .          Harm     .    (no cloak)
rCorr   .          Rampage  .    s - +0 pair of gloves
Will    ++...                    (no boots)
Stlth   ++                       G - amulet of faith
HPRegen 1.34/turn                c - +6 ring of strength
MPRegen 0.12/turn                r - +5 ring of evasion

@: strong-willed, on berserk cooldown, regenerating, slowed, very slow
A: slimy green scales 2, demonic guardian 2, demonic touch 1, deformed body,
weak 1
a: Renounce Religion, Berserk, Trog's Hand, Brothers in Arms


You were on level 9 of the Dungeon.
You worshipped Trog.
Trog was greatly pleased with you.
You visited 1 branch of the dungeon, and saw 9 of its levels.

You collected 514 gold pieces.
You spent 360 gold pieces at shops.

Inventory:

Hand Weapons
 a - a +0 spear of freezing
 f - a +2 flail of venom
 h - a +0 sling
 t - a +1 morningstar of holy wrath
 u - a +4 quarterstaff of chaos
 v - a +6 spear
 w - a +2 mace of draining
 F - a +1 heavy long sword
 J - a +2 spectral quarterstaff
 T - a +4 spear
 U - a +4 halberd (weapon)
 Y - a +0 shortbow
Missiles
 n - 74 stones (quivered)
 o - 25 poisoned darts
Armour
 b - +0 acid dragon scales
 l - +0 steam dragon scales
 q - +0 steam dragon scales
 s - a +0 pair of gloves (worn)
 y - a +0 chain mail
 E - a +2 helmet (worn)
 M - the +1 ring mail of the Kangaroo (worn) {rN+ Str+7}
   (You found it on level 6 of the Dungeon)

   Str:       It affects your strength (+7).
   rN:        It protects you from negative energy.
 Q - +0 swamp dragon scales
Jewellery
 c - a +6 ring of strength (left hand)
 r - a +5 ring of evasion (right hand)
 G - an amulet of faith (around neck)
 S - a ring of see invisible
Scrolls
 g - 3 scrolls of amnesia
 m - 4 scrolls of identify
 B - a scroll of immolation
 I - 2 scrolls of teleportation
 K - a scroll of fear
 N - a scroll of blinking
 O - a scroll of noise
 P - a scroll of magic mapping
Potions
 d - a potion of lignification
 e - 2 potions of degeneration
 i - a potion of attraction {unknown}
 j - 2 potions of brilliance
 k - 2 potions of flight
 p - a potion of magic {unknown}
 x - a potion of resistance {unknown}
 z - 2 potions of haste
 A - a potion of berserk rage
 C - a potion of heal wounds {unknown}
 D - a potion of curing
 R - a potion of cancellation {unknown}


   Skills:
 * Level 7.2 Fighting
 + Level 1.4(5.0) Axes
 + Level 7.6(9.4) Polearms
 + Level 8.3(9.7) Staves
 * Level 3.5 Throwing
 + Level 6.9 Armour
 + Level 4.2 Dodging
 + Level 3.4 Stealth


You had 10 spell levels left.
You didn't know any spells.
Your spell library contained the following spells:

 Spells                   Type           Power      Damage    Failure   Level
 Sublimation of Blood     Necr           0%         N/A       63%         2
 Petrify                  Tmut/Erth      0%         N/A       99%         4
 Irradiate                Conj/Tmut      0%         3d11      100%        5


Dungeon Overview and Level Annotations

Branches:
Dungeon (9/15)             Temple (0/1) D:7            Lair (0/5) D:9
    Orc: D:9-12

Altars:
Nemelex Xobeh
Trog

Shops:
D:9 ([=


Innate Abilities, Weirdness & Mutations

You are mostly covered in slimy green scales. (AC +3)
A demonic guardian rushes to your aid.
Your touch may inflict minor irresistible damage on your foes.
Armour fits poorly on your strangely shaped body.
You are weak. (Str -2)


Message History

The death yak is severely wounded.
The yak gores you. The death yak closely misses you.
The yak closely misses you.
You slice the death yak!!
You kill the death yak!
Trog accepts your kill. The yak closely misses you. The yak gores you.
The yak misses you. The yak gores you but does no damage.
You have reached level 11!
The yak barely misses your ice devil. The death yak gores your ice devil.
The yak gores your ice devil!
Your ice devil barely misses the yak.
The yak gores your ice devil but does no damage.
The death yak closely misses your ice devil.
The yak gores your ice devil!
Your ice devil hits the yak but does no damage.
The yak gores your ice devil. The yak closely misses your ice devil.
The death yak gores your ice devil!
Your ice devil disappears in a puff of smoke!
You puncture the yak!
The yak is heavily wounded.
The yak misses you.
You hit the death yak but do no damage.
You feel the effects of Trog's Hand fading.
The death yak closely misses you.
Your skin crawls.
You feel strong-willed. The death yak gores you!!
* * * LOW HITPOINT WARNING * * *
The death yak gores you but does no damage.
You slice the death yak!!
The death yak is moderately wounded.
The death yak gores you!
* * * LOW HITPOINT WARNING * * *
A demonic guardian appears!
Your orange demon stings the death yak.
Your orange demon barely misses the death yak.
The yak gores you.
* * * LOW HITPOINT WARNING * * *
The death yak gores you!!
You die...

#..... #...........
Y.....##########...........
.>.......#..............)..
.........#.................
....#...#................. ....
.......#................. ......
#...#4###..###########
.Y.......#..YYY# #..#.........#
...... #....#@# #..#.........#
#....... #....#.###.<#.........#
......... #....#......#.........#
..........######......#######...#
#########.......##'####....##...#
........#.......#................
........#.......#................
........#..###..#................
.[......#..###..#................


You could see a death yak (ally target), 2 yaks and a friendly orange demon
(summoned).

Vanquished Creatures
  2 death yaks (D:9)
  An ugly thing (D:7)
  Maurice (D:8)
  Maggie (D:6)
  A hornet (D:5)
  Sigmund (D:5)
  A shadow (D:9)
  5 yaks
  2 steam dragons (D:8)
  Edmund (D:4)
  An acid dragon (D:7)
  A water moccasin (D:8)
  An ice beast (D:7)
  An ogre (D:6)
  3 centaurs
  A phantom (D:5)
  A kobold brigand (D:8)
  A gnoll sergeant (D:9)
  A bullfrog (D:7)
  2 necrophages
  3 scorpions
  7 wights
  A howler monkey (D:7)
  4 jellies
  7 hounds
  Crazy Yiuf (D:3)
  6 orc priests
  2 iguanas
  12 orc wizards
  Robin (D:3)
  3 gnolls (D:9)
  9 adders
  4 white imps
  An ufetubus (D:5)
  2 worms
  3 dart slugs
  32 orcs
  10 ball pythons
  8 bats
  11 endoplasms
  A giant cockroach (D:4)
  15 goblins
  14 hobgoblins
  6 quokkas
  2 frilled lizards
  11 kobolds
  6 rats
211 creatures vanquished.

Vanquished Creatures (collateral kills)
  A boulder beetle (D:8)
  Grinder (D:6)
  3 yaks
  A sky beast (D:6)
  An orc warrior (D:8)
  An orc priest (D:8)
  2 orcs
10 creatures vanquished.

Vanquished Creatures (others)
  3 wights (D:7)
3 creatures vanquished.

Grand Total: 224 creatures vanquished

Notes
Turn   | Place    | Note
-------+----------+-------------------------------------------
     0 | D:1      | Hadoje the Demonspawn Berserker began the quest for the
                  | Orb.
     0 | D:1      | Reached XP level 1. HP: 18/18 MP: 1/1
   299 | D:1      | Gained mutation: Your touch may inflict minor irresistible
                  | damage on your foes. [demonic ancestry]
   299 | D:1      | Reached XP level 2. HP: 16/24 MP: 2/2
   503 | D:1      | Gained mutation: You are partially covered in slimy green
                  | scales. (AC +2) [demonic ancestry]
   503 | D:1      | Reached XP level 3. HP: 12/29 MP: 3/3
   809 | D:1      | Reached ** piety under Trog
  1554 | D:2      | Reached skill level 1 in Stealth
  1562 | D:2      | Gained mutation: A weak demonic guardian rushes to your
                  | aid. [demonic ancestry]
  1562 | D:2      | Reached XP level 4. HP: 32/36 MP: 4/4
  2023 | D:3      | Noticed Robin
  2042 | D:3      | Killed Robin
  2113 | D:3      | Reached *** piety under Trog
  2156 | D:2      | Gained mutation: A demonic guardian rushes to your aid.
                  | [demonic ancestry]
  2156 | D:2      | Reached XP level 5. HP: 17/42 MP: 5/5
  2506 | D:3      | Reached skill level 5 in Polearms
  2642 | D:3      | Reached XP level 6. HP: 31/48 MP: 6/6
  3019 | D:3      | Found a runed translucent door.
  3020 | D:3      | Noticed Crazy Yiuf
  3026 | D:3      | Killed Crazy Yiuf
  3407 | D:4      | Reached skill level 1 in Axes
  3523 | D:4      | Reached skill level 1 in Staves
  3523 | D:4      | Reached XP level 7. HP: 48/54 MP: 7/7
  3526 | D:4      | Reached **** piety under Trog
  3903 | D:4      | Noticed Edmund
  3910 | D:4      | Killed Edmund
  3911 | D:4      | Reached skill level 2 in Staves
  4155 | D:4      | Found a bloodstained altar of Trog.
  4370 | D:5      | Entered Level 5 of the Dungeon
  4408 | D:5      | Noticed Sigmund
  4417 | D:5      | Killed Sigmund
  4418 | D:5      | Reached skill level 3 in Staves
  4613 | D:5      | Reached XP level 8. HP: 54/61 MP: 8/8
  4691 | D:5      | Noticed a hornet
  4698 | D:5      | Paralysed by a hornet for 3 turns
  4701 | D:5      | Killed a hornet
  4702 | D:5      | Reached skill level 4 in Staves
  5170 | D:6      | Noticed Grinder
  5179 | D:6      | Killed Grinder
  5180 | D:6      | Reached skill level 5 in Fighting
  5180 | D:6      | Reached skill level 5 in Staves
  5361 | D:6      | Noticed Maggie
  5371 | D:6      | Killed Maggie
  5372 | D:6      | Reached skill level 6 in Staves
  5372 | D:6      | Reached skill level 5 in Armour
  5372 | D:6      | Gained mutation: You are mostly covered in slimy green
                  | scales. (AC +3) [demonic ancestry]
  5372 | D:6      | Reached XP level 9. HP: 42/68 MP: 9/9
  5643 | D:6      | Identified the +1 ring mail of the Kangaroo {rN+ Str+7}
  5684 | D:6      | Found a sparkling altar of Nemelex Xobeh.
  6039 | D:7      | Noticed a red ugly thing
  6076 | D:7      | Killed a red ugly thing
  6077 | D:7      | Reached skill level 7 in Staves
  6921 | D:7      | Reached skill level 8 in Staves
  7041 | D:7      | Found a staircase to the Ecumenical Temple.
  7543 | D:7      | Gained mutation: Armour fits poorly on your strangely
                  | shaped body. [potion of mutation]
  7543 | D:7      | Gained mutation: You are weak. (Str -2) [potion of
                  | mutation]
  7936 | D:8      | Noticed Maurice
  7967 | D:8      | Killed Maurice
  7968 | D:8      | Reached skill level 1 in Throwing
  8078 | D:8      | Reached XP level 10. HP: 61/74 MP: 10/10
  8576 | D:8      | Noticed a boulder beetle
  8602 | D:8      | Killed a boulder beetle
  9247 | D:9      | Found Fyab's Jewellery Boutique.
  9258 | D:9      | Bought a +6 ring of strength for 360 gold pieces
  9276 | D:9      | Found Wichoit's Antique Weapon Shop.
 10065 | D:9      | Found Gafedghi's Armour Shop.
 10176 | D:9      | Noticed a death yak
 10328 | D:9      | Found a staircase to the Lair.
 10330 | D:9      | Noticed a death yak
 10330 | D:9      | Noticed a death yak
 10348 | D:9      | Killed a death yak
 10360 | D:9      | Killed a death yak
 10361 | D:9      | Reached XP level 11. HP: 26/84 MP: 11/11
 10368 | D:9      | Demolished by a death yak

Illustrated notes

Levels and vault maps discovered:
D:1:      psy_arrival_radial01, layout_basic
D:2:      layout_basic
D:3:      layout_loops_ring, uniq_robin, uniq_crazy_yiuf_cottage
D:4:      layout_basic, mainiacjoe_overflow_alcove_2, hex_medium, uniq_edmund
D:5:      layout_loops_ring, uniq_sigmund
D:6:      layout_rooms, overflow_temple_1_default, uniq_grinder, uniq_maggie
D:7:      layout_loops_corners, minmay_temple_entry_hall, minmay_manual_mess
D:8:      layout_rooms, uniq_maurice
D:9:      layout_stronghold, nicolae_wu_jian_immortal_techniques,
          dpeg_lair_monsters, erik_orc_1, serial_shops, shop,
          nicolae_stop_n_shop_2, kennysheep_mini_moat, shop,
          minmay_misc_feat_encased

Skill      XL: |  1  2  3  4  5  6  7  8  9 10 |
---------------+-------------------------------+-----
Polearms       | 3 4 5 7 |  7.6
Dodging        | 2 3 4 |  4.2
Stealth        | 1 2 3 |  3.4
Armour         | 2 3 5 6 |  6.9
Fighting       | 4 5 7 |  7.2
Axes           | 1 |  1.4
Staves         | 1 3 6 8 |  8.3
Throwing       | 1 3 |  3.5

Action                     |  1- 3 |  4- 6 |  7- 9 | 10-12 || total
---------------------------+-------+-------+-------+-------++-------
  Melee: Spear             |    85 |   139 |    69 |       ||   293
         Touch             |     5 |    18 |    10 |       ||    33
         War axe           |       |    45 |       |       ||    45
         Quarterstaff      |       |    32 |   143 |       ||   175
         Punch             |       |     1 |     1 |       ||     2
         Halberd           |       |       |       |   152 ||   152
  Throw: Stone             |       |     2 |       |       ||     2
 Invoke: Berserk           |       |     3 |     4 |     3 ||    10
         Trog's Hand       |       |       |     4 |     4 ||     8
    Use: Scroll            |     2 |     4 |    12 |     2 ||    20
         Potion            |     1 |       |     1 |     1 ||     3
   Stab: Sleeping          |     4 |     1 |       |       ||     5
         Distracted        |     1 |       |     1 |     2 ||     4
         Paralysed         |       |       |     2 |       ||     2
 Armour: Animal skin       |     9 |    14 |       |       ||    23
         Ring mail         |       |    67 |    26 |    40 ||   133
         Chain mail        |       |       |    60 |       ||    60
  Dodge: Dodged            |    18 |    96 |    81 |   119 ||   314

Table legend: (Time is in decaauts)
 A = Elapsed time spent in this place.
 B = Non-inter-level travel time spent in this place.
 C = Inter-level travel time spent in this place.
 D = Time resting spent in this place.
 E = Time spent auto-exploring this place.
 F = Levels seen in this place.
 G = Mean time per level.
                   A        B        C        D        E       F      G
               +--------+--------+--------+--------+--------+-----+--------+
         Total |  10447 |  10447 |      0 |   2904 |   2402 |   9 | 1160.8 |
       Dungeon |  10447 |  10447 |      0 |   2904 |   2402 |   9 | 1160.8 |
               +--------+--------+--------+--------+--------+-----+--------+

Top non-repeatable levels by time:
     D:7: 2072 daAuts
     D:8: 1367 daAuts
     D:4: 1284 daAuts
     D:1: 1260 daAuts
     D:9: 1127 daAuts
     D:3: 1023 daAuts
     D:2: 835 daAuts
     D:5: 802 daAuts
     D:6: 674 daAuts
